 Dungeon Crawl Stone Soup version 0.21.0 (webtiles) character file.

13773 Leibowitz the Impaler (level 12, 0/99 HPs)
             Began as a Merfolk Gladiator on Jan 7, 2018.
             Was a High Priest of Okawaru.
             Slain by a skeletal warrior
             ... wielding a +0 short sword
             ... led by a death knight
              (14 damage)
             ... on level 12 of the Dungeon.
             The game lasted 00:43:02 (13672 turns).

Leibowitz the Impaler (Merfolk Gladiator)          Turns: 13672, Time: 00:43:02

Health: 0/99       AC: 13    Str: 17    XL:     12   Next: 9%
Magic:  14/14      EV: 22    Int:  9    God:    Okawaru [*****.]
Gold:   684        SH:  0    Dex: 19    Spells: 11/11 levels left

rFire    . . .     SeeInvis .   a - +0 trident
rCold    . . .     Gourm    .   (no shield)
rNeg     . . .     Faith    +   v - +3 leather armour
rPois    .         Spirit   .   c - +1 helmet
rElec    .         Reflect  .   y - +0 cloak
rCorr    .         Harm     .   q - +0 pair of gloves
MR       +....                  A - +1 pair of boots
Stlth    +.........             u - amulet of faith
HPRegen  0.26/turn              t - +3 ring of strength
MPRegen  0.14/turn              B - ring of protection from magic

@: no status effects
A: change form in water, swift swim, stealthy swim
a: Heroism, Finesse, Renounce Religion


You were on level 12 of the Dungeon.
You worshipped Okawaru.
Okawaru was extremely pleased with you.
You were hungry.

You visited 3 branches of the dungeon, and saw 14 of its levels.

You collected 684 gold pieces.

Inventory:

Hand Weapons
 a - a +0 trident (weapon)
 b - a +0 blowgun
Missiles
 h - 7 needles of confusion
 j - 5 poisoned javelins (quivered)
 k - 33 poisoned needles
 s - 9 curare-tipped needles
Armour
 c - a +1 helmet (worn)
 q - a +0 pair of gloves (worn)
 v - a +3 leather armour (worn)
 y - a +0 cloak (worn)
 A - a +1 pair of boots (worn)
 D - a +2 crystal plate armour
Jewellery
 e - an uncursed ring of wizardry
 t - a +3 ring of strength (left hand)
 u - an amulet of faith (around neck)
 w - an uncursed ring of ice
 B - a ring of protection from magic (right hand)
Wands
 i - a wand of scattershot (2)
 z - a wand of flame (24)
Scrolls
 l - 5 scrolls of teleportation
 n - 5 scrolls of identify
 o - 3 scrolls of remove curse
 p - a scroll of enchant armour
 r - 4 scrolls of fog
Potions
 g - 9 potions of curing
 m - 4 potions of flight
 x - a potion of heal wounds
 C - a potion of cancellation
Comestibles
 f - 17 rations
 E - a chunk of flesh


   Skills:
 * Level 10.9 Fighting
 - Level 16.0 Polearms
 - Level 2.0 Throwing
 + Level 4.4 Armour
 * Level 12.6 Dodging
 * Level 3.1 Evocations


You had 11 spell levels left.
You didn't know any spells.

Dungeon Overview and Level Annotations

Branches:
Dungeon (12/15)            Temple (1/1) D:6            Lair (1/6) D:11
    Orc (0/2) D:9

Altars:
Ashenzari
Cheibriados
Dithmenos
Elyvilon
Fedhas
Gozag
Hepliaklqana
Kikubaaqudgha
Makhleb
Nemelex Xobeh
Okawaru
Qazlal
Ru
Sif Muna
Trog
Uskayaw
Vehumet
Wu Jian
Xom
Yredelemnul
Zin
The Shining One

Shops:
D:2 *   D:7 =

Portals:
Trove: D:10 (give 20 potions of curing)


Message History

Press: ? - help, Shift-Dir - straight line, f/p - skeletal warrior
Aim: a skeletal warrior, wielding a short sword (almost destroyed)
You throw a throwing net.
The throwing net closely misses the skeletal warrior.
The skeletal warrior hits you with a short sword!
* * * LOW HITPOINT WARNING * * *
Throwing (i - inventory. (,) - cycle):
d - a throwing net (quivered)
Press: ? - help, Shift-Dir - straight line, f/p - skeletal warrior
Aim: a skeletal warrior, wielding a short sword (almost destroyed)
You throw a throwing net.
The throwing net barely misses the skeletal warrior.
You completely miss the skeletal warrior.
The skeletal warrior is almost destroyed.
You barely miss the skeletal warrior.
The skeletal warrior is almost destroyed.
The skeletal warrior closely misses you.
You barely miss the skeletal warrior.
The skeletal warrior is almost destroyed.
The skeletal warrior hits you with a short sword!
You die...

......# ####..#
####### #..# .#
#..)... #..# #.#
#.##### .W.### #.#
#)#
#ยง.#...###########.#
#.#
#.........?.W(W....#
#)#
......#.#####zz...#
#)#
...........[@.....#
#.#
.###.##.#####.....#
#.# # ###
#.....#####.#
###.........#
###########


You could see 2 skeletal warriors and a phantasmal warrior.

Vanquished Creatures
  Fannar (Lair:1)
  4 two-headed ogres
  Sonja (Lair:1)
  An unseen horror (D:12)
  A gargoyle (D:11)
  A yaktaur (D:12)
  A hornet (D:12)
  3 hippogriffs
  5 yaks (D:12)
  A wraith (D:12)
  A wyvern (D:8)
  2 vampire mosquitoes (D:12)
  2 acid dragons (D:11)
  A water moccasin (D:8)
  2 hell hounds (D:11)
  3 orc warriors (D:12)
  A black bear (D:9)
  2 ice beasts
  2 sky beasts
  An eye of draining (D:9)
  A necrophage (D:9)
  9 ogres
  5 phantoms
  A crocodile (Lair:1)
  2 centaurs
  4 big kobolds
  6 bullfrogs
  2 wyvern skeletons
  3 killer bees (D:9)
  3 scorpions
  13 wights
  4 howler monkeys
  3 bullfrog zombies
  4 centaur zombies
  4 jellies
  7 orc priests
  8 hounds
  3 bullfrog skeletons
  3 iguanas
  8 orc wizards
  10 worker ants
  A hound zombie (D:8)
  A hound skeleton (D:4)
  A howler monkey zombie (D:10)
  3 gnolls (D:10)
  11 adders
  A howler monkey skeleton (D:11)
  A shadow imp (D:7)
  7 oozes
  An adder zombie (D:9)
  4 worms
  6 leopard geckos
  31 orcs
  A ball python (D:3)
  4 giant cockroaches
  A goblin (D:1)
  3 hobgoblins
  10 jackals
  30 kobolds
  6 quokkas
  7 bats
  3 frilled lizards
  A jackal skeleton (D:8)
  3 rats (D:2)
  A spectral orc (D:4)
277 creatures vanquished.

Vanquished Creatures (others)
  2 fungi (D:7)
2 creatures vanquished.

Grand Total: 279 creatures vanquished

Notes
Turn   | Place    | Note
-------+----------+-------------------------------------------
     0 | D:1      | Leibowitz the Merfolk Gladiator began the quest for the Orb.
     0 | D:1      | Reached XP level 1. HP: 16/16 MP: 1/1
   321 | D:1      | Reached XP level 2. HP: 22/22 MP: 2/2
   533 | D:1      | Reached skill level 5 in Polearms
   814 | D:2      | Found Gozag's Platinum Reserve.
   816 | D:2      | Found an opulent altar of Gozag.
   821 | D:2      | Reached XP level 3. HP: 28/28 MP: 3/3
  1198 | D:2      | Reached skill level 5 in Dodging
  1398 | D:2      | Reached XP level 4. HP: 28/34 MP: 4/4
  1879 | D:3      | Reached skill level 6 in Polearms
  1885 | D:3      | Reached skill level 1 in Armour
  1885 | D:3      | Reached XP level 5. HP: 19/41 MP: 5/5
  2344 | D:3      | Found a hide-covered altar of Uskayaw.
  2430 | D:3      | Found a hazy altar of Hepliaklqana.
  2650 | D:4      | Reached skill level 7 in Polearms
  2650 | D:4      | Reached XP level 6. HP: 34/47 MP: 6/6
  2918 | D:4      | Found a basalt altar of Yredelemnul.
  3097 | D:4      | Reached skill level 8 in Polearms
  3103 | D:4      | Reached XP level 7. HP: 45/52 MP: 7/7
  3247 | D:5      | Entered Level 5 of the Dungeon
  3378 | D:5      | Found a white marble altar of Elyvilon.
  3436 | D:5      | Found a bloodstained altar of Trog.
  3436 | D:5      | Found a shattered altar of Ashenzari.
  3647 | D:5      | Reached skill level 9 in Polearms
  3666 | D:5      | Found a radiant altar of Vehumet.
  4157 | D:6      | Found a staircase to the Ecumenical Temple.
  4166 | Temple   | Entered the Ecumenical Temple
  4440 | D:6      | Reached skill level 10 in Polearms
  4440 | D:6      | Reached XP level 8. HP: 23/60 MP: 8/8
  5612 | D:7      | Reached skill level 11 in Polearms
  5722 | D:7      | Found an iron altar of Okawaru.
  5722 | D:7      | Found an ornate altar of the Wu Jian Council.
  5726 | D:7      | Became a worshipper of Warmaster Okawaru
  5773 | D:7      | Found a blossoming altar of Fedhas.
  5863 | D:7      | Reached skill level 5 in Fighting
  5899 | D:7      | Found Muhusiot's Jewellery Emporium.
  6054 | D:8      | Reached XP level 9. HP: 67/68 MP: 9/9
  6113 | D:8      | Reached skill level 12 in Polearms
  6197 | D:8      | Reached * piety under Okawaru
  6416 | D:8      | Found a sparkling altar of Nemelex Xobeh.
  6461 | D:8      | Reached skill level 13 in Polearms
  6554 | D:8      | Found an ancient bone altar of Kikubaaqudgha.
  6729 | D:8      | Reached ** piety under Okawaru
  7267 | D:9      | Reached skill level 14 in Polearms
  7307 | D:9      | Reached XP level 10. HP: 36/77 MP: 10/10
  7632 | D:9      | Found a staircase to the Orcish Mines.
  7818 | D:9      | Noticed a two-headed ogre
  7840 | D:9      | Killed a two-headed ogre
  7840 | D:9      | Reached *** piety under Okawaru
  8070 | D:9      | Noticed a two-headed ogre
  8097 | D:9      | Killed a two-headed ogre
  8097 | D:9      | Received a gift from Okawaru
  8097 | D:9      | Reached skill level 15 in Polearms
  8631 | D:9      | Reached **** piety under Okawaru
  9067 | D:10     | Entered Level 10 of the Dungeon
  9357 | D:10     | Received a gift from Okawaru
  9415 | D:10     | Found a portal to a secret trove of treasure.
  9590 | D:10     | Found a bloodstained altar of Trog.
  9725 | D:10     | Reached skill level 10 in Dodging
 10035 | D:11     | Reached XP level 11. HP: 87/87 MP: 11/11
 10253 | D:11     | Found a staircase to the Lair.
 10500 | D:11     | Reached ***** piety under Okawaru
 10529 | D:11     | Noticed a two-headed ogre
 10556 | D:11     | Noticed a two-headed ogre
 10629 | D:11     | Killed a two-headed ogre
 10629 | D:11     | Reached skill level 16 in Polearms
 10929 | D:11     | Reached skill level 1 in Evocations
 11516 | D:11     | Killed a two-headed ogre
 12036 | Lair:1   | Entered Level 1 of the Lair of Beasts
 12058 | Lair:1   | Noticed Fannar
 12090 | Lair:1   | Killed Fannar
 12090 | Lair:1   | Received a gift from Okawaru
 12163 | Lair:1   | Noticed Sonja
 12188 | Lair:1   | Killed Sonja
 12188 | Lair:1   | Reached skill level 10 in Fighting
 12432 | Lair:1   | Noticed an eight-headed hydra
 12551 | D:12     | Paralysed by a hornet for 2 turns
 13164 | D:12     | Killed an unseen horror
 13164 | D:12     | Received a gift from Okawaru
 13164 | D:12     | Reached XP level 12. HP: 69/99 MP: 14/14
 13672 | D:12     | Slain by a skeletal warrior

Skill      XL: |  1  2  3  4  5  6  7  8  9 10 11 |
---------------+----------------------------------+-----
Polearms       | 5 6 7 8 10 11 14 15 16 | 16.0
Dodging        | 5 6 7 8 10 12 | 12.6
Fighting       | 3 4 5 6 8 10 | 10.9
Armour         | 1 2 3 4 |  4.4
Evocations     | 3 |  3.1
Throwing       | |  2.0

Action                   |  1- 3 |  4- 6 |  7- 9 | 10-12 || total
-------------------------+-------+-------+-------+-------++-------
Melee: Trident           |   104 |   134 |   463 |   857 ||  1558
       Tailslap          |     1 |       |       |    42 ||    43
 Fire: Blowgun           |       |       |       |     9 ||     9
Throw: Javelin           |       |       |     7 |    11 ||    18
       Throwing net      |       |       |     2 |     4 ||     6
Invok: Heroism           |       |       |       |     1 ||     1
Evoke: Wand              |       |       |     3 |     4 ||     7
  Use: Potion            |       |       |     6 |     2 ||     8
       Scroll            |       |       |     4 |    12 ||    16
 Stab: Held in net/web   |       |       |     1 |     4 ||     5
       Sleeping          |       |       |       |     2 ||     2
       Confused          |       |       |       |    10 ||    10
  Eat: Chunk             |     1 |     6 |     7 |    13 ||    27
       Ration            |       |       |     2 |     2 ||     4
Armor: Leather armour    |    19 |    34 |    81 |   123 ||   257
       Crystal plate arm |       |       |       |    12 ||    12
Dodge: Dodged            |    67 |   106 |   240 |   509 ||   922
